 Dungeon Crawl Stone Soup version 0.17.1-2-g5865329 (webtiles) character file.

1062 PossumBlood the Archer (level 8, -5/50 HPs)
             Began as a High Elf Hunter on Jan 30, 2016.
             Killed by nerve-wracking pain
             ... invoked by an orc priest
              (12 damage)
             ... on level 5 of the Dungeon.
             The game lasted 00:15:36 (4249 turns).

PossumBlood the Archer (High Elf Hunter)            Turns: 4249, Time: 00:15:38

Health: -5/50      AC:  9    Str: 11    XL:     8   Next: 6%
Magic:  9/9        EV: 12    Int: 15    God:
Gold:   347        SH:  0    Dex: 18    Spells: 0 memorised, 7 levels left

rFire  . . .     SeeInvis .     a - +2 shortbow
rCold  + . .     Clarity  .     h - +3 leather armour {rC+}
rNeg   + . .     SustAt   .     (shield currently unavailable)
rPois  +         Gourm    .     (no helmet)
rElec  .         Spirit   .     k - +1 cloak
rCorr  .         Warding  +     (no gloves)
rMut   .         Stasis   .     (no boots)
MR     .....                    u - amulet of warding
Stlth  ++........               n - +1 ring of protection
                                B - ring of poison resistance

@: not resistant to hostile enchantments, unstealthy
A: no striking features
a: no special abilities


You were on level 5 of the Dungeon.
You were not hungry.

You visited 1 branch of the dungeon, and saw 5 of its levels.

You collected 347 gold pieces.

Inventory:

Hand Weapons
 a - a +2 shortbow (weapon)
 b - a +0 short sword
 t - a +2 short sword of electrocution
Missiles
 d - 78 arrows (quivered)
 l - 3 javelins
Armour
 h - a +3 leather armour of cold resistance (worn)
 k - a +1 cloak (worn)
Jewellery
 n - a +1 ring of protection (right hand)
 u - an amulet of warding (around neck)
 w - an uncursed ring of ice
 B - a ring of poison resistance (left hand)
Wands
 g - a wand of disintegration (7)
 m - a wand of random effects (29)
 y - a wand of polymorph (12)
Scrolls
 j - 4 scrolls of remove curse
Potions
 c - a potion of magic
 i - a potion of heal wounds
 p - a potion of invisibility
 q - a potion of lignification {unknown}
 r - a potion of cancellation {unknown}
 s - a potion of brilliance {unknown}
 v - a potion of resistance {unknown}
 x - a potion of mutation {unknown}
 A - 2 potions of poison {unknown}
Books
 o - a book of Cantrips

   Spells                             Type                      Level
   a - Corona                         Hexes                        1
   b - Animate Skeleton               Necromancy                   1
   c - Summon Small Mammal            Summoning                    1
   d - Apportation                    Translocation                1
Comestibles
 e - a bread ration
 f - 3 meat rations
 z - a beef jerky


   Skills:
 - Level 2.0 Fighting
 * Level 12.9 Bows
 - Level 2.1 Dodging
 - Level 1.1 Stealth


You had 7 spell levels left.
You didn't know any spells.

Dungeon Overview and Level Annotations

Branches:
Dungeon (5/15)
 Temple: D:4-7

Altars:
Dithmenos
Qazlal
Zin


Message History

You shoot an arrow. The arrow hits the killer bee zombie.
The killer bee zombie misses you.
An orc comes into view. It is wielding a hand axe.
Firing (i - inventory. (,) - cycle):
d - 80 arrows (quivered)
Press: ? - help, Shift-Dir - straight line, f/p - killer bee zombie
Aim: a killer bee zombie You shoot an arrow.
The arrow hits the killer bee zombie.
The killer bee zombie hits you.
The killer bee zombie hits you but does no damage.
Firing (i - inventory. (,) - cycle):
d - 79 arrows (quivered)
Press: ? - help, Shift-Dir - straight line, f/p - killer bee zombie
Aim: a killer bee zombie You shoot an arrow.
The arrow closely misses the killer bee zombie.
The orc priest invokes the aid of Beogh against you.
Something smites you!
* * * LOW HITPOINT WARNING * * *
The orc priest mumbles some strange prayers to Beogh against you.
Pain shoots through your body!
You die...

## ##.......#
##..####.# #### #
########### ..
.##........ oo
.......# .# .......#
##o# .......##
###..#
##......#######.@Z#
##......##......##
#................#
#..###.............#
#..#
##.##########..#
#..# ### #.# #..# .#
#..# # #.##


You could see 2 orc priests, an orc and a killer bee zombie.

Vanquished Creatures
  The ghost of Poody the Skirmisher, an amateur OgHu (D:3)
  The ghost of Lysie the Ducker, an amateur SpEn of Okawaru (D:4)
  A centaur (D:5)
  3 ogres
  A hound (D:5)
  An orc priest (D:4)
  2 orc wizards (D:4)
  A centaur skeleton (D:4)
  3 worker ants (D:4)
  3 hound skeletons (D:4)
  Robin (D:3)
  A gnoll (D:1)
  6 adders
  An ooze (D:1)
  2 adder skeletons (D:4)
  2 worms
  A giant gecko (D:2)
  16 orcs
  3 ball pythons
  13 bats
  4 giant cockroaches
  7 hobgoblins
  10 kobolds
  3 giant newts
  11 goblins
  2 jackals (D:4)
  6 rats
  A fungus (D:1)
107 creatures vanquished.

Notes
Turn   | Place    | Note
--------------------------------------------------------------
     0 | D:1      | PossumBlood the High Elf Hunter began the quest for the Orb.
     0 | D:1      | Reached XP level 1. HP: 14/14 MP: 2/2
    96 | D:1      | Reached skill level 6 in Bows
    96 | D:1      | Reached XP level 2. HP: 19/19 MP: 3/3
   190 | D:1      | Reached XP level 3. HP: 22/24 MP: 4/4
   327 | D:1      | You fall through a shaft!
   460 | D:1      | Reached skill level 7 in Bows
  1315 | D:2      | Reached XP level 4. HP: 29/29 MP: 5/5
  1514 | D:3      | Found a shadowy altar of Dithmenos.
  1595 | D:3      | Noticed Robin
  1608 | D:3      | Killed Robin
  1864 | D:3      | Reached skill level 8 in Bows
  1870 | D:3      | Found a stormy altar of Qazlal.
  2184 | D:3      | Noticed an ogre
  2192 | D:3      | Killed an ogre
  2192 | D:3      | Reached XP level 5. HP: 34/34 MP: 6/6
  2225 | D:3      | Reached skill level 9 in Bows
  2441 | D:3      | Noticed Poody's ghost (amateur OgHu)
  2465 | D:3      | HP: 1/34 [Poody's ghost (5)]
  2472 | D:3      | Killed Poody's ghost
  2472 | D:3      | Reached skill level 10 in Bows
  2472 | D:3      | Reached XP level 6. HP: 11/39 MP: 7/7
  2872 | D:4      | Noticed Lysie's ghost (amateur SpEn)
  2877 | D:4      | Killed Lysie's ghost
  2877 | D:4      | Reached skill level 11 in Bows
  2877 | D:4      | Reached XP level 7. HP: 45/45 MP: 8/8
  3505 | D:4      | Reached skill level 12 in Bows
  3656 | D:4      | Found a glowing silver altar of Zin.
  3961 | D:5      | Entered Level 5 of the Dungeon
  3979 | D:5      | Reached XP level 8. HP: 40/50 MP: 9/9
  4249 | D:5      | Killed from afar by an orc priest

Action                   |  1- 3 |  4- 6 |  7- 9 || total
-------------------------+-------+-------+-------++-------
Melee: Short sword       |    22 |       |       ||    22
 Fire: Shortbow          |    88 |   158 |   133 ||   379
  Use: Scroll            |       |     5 |     5 ||    10
       Potion            |       |     1 |     2 ||     3
  Eat: Beef jerky        |     1 |       |       ||     1
       Bread ration      |       |     1 |     1 ||     2
